 Dungeon Crawl Stone Soup version 0.32-a0-136-gc02482bde3 (webtiles) character file.

Game seed: 499870249107433474

114666 zeratav the Metamorph (level 16, -8/152 HPs)
             Began as an Octopode Shapeshifter on Feb 10, 2024.
             Was an Initiate of Gozag.
             Mangled by a salamander tyrant (28 damage)
             ... on level 4 of the Snake Pit.
             The game lasted 01:10:55 (32284 turns).

zeratav the Metamorph (Octopode Shapeshifter)      Turns: 32284, Time: 01:10:55

Health: -8/152     AC: 32    Str: 24    XL:     16   Next: 66%
Magic:  16/16      EV: 22    Int: 14    God:    Gozag
Gold:   1824       SH:  6    Dex: 15    Spells: 15/15 levels left

rFire   . .          .
                       - Unarmed
rCold   . . .        d - +0 buckler
rNeg    + + +        (helmet restricted)
rPois   ∞            K - amulet "Atonuhou" {Acrobat rPois rN+ Int-3 Stlth+}
rElec   +            l - +5 ring of evasion
rCorr   +            (no ring)
SInv    .            (no ring)
Will    ++++.        v - +4 ring of protection
Stlth   ++++++       D - ring of Muvimac {Wiz Will+++ rCorr Str+3 Dex-4}
HPRegen 0.45/turn    r - ring of protection from fire
MPRegen 0.15/turn    P - ring "Diff" {rElec rPois rF- rN+ Str+2 Dex+2}
                     X - +6 ring of dexterity

%: acrobat, wizardry (x1)
@: about to teleport, statue-form, weakened, studying Unarmed Combat, very slow
A: slow and powerful, torment resistance 1, boosted hp, almost no armour,
amphibious, 8 rings, camouflage 1, (gelatinous body 1), (nimble swimmer 1),
tentacles, tentacle spike 1, clever 1
a: Begin Untransformation, Renounce Religion, Potion Petition, Call Merchant,
Bribe Branch


You were on level 4 of the Snake Pit.
You worshipped Gozag.
Gozag was most pleased with you.
You were a living statue of rough stone.
You visited 5 branches of the dungeon, and saw 25 of its levels.

You collected 7162 gold pieces.
You spent 2540 gold pieces at shops.
You paid 2798 gold pieces to Gozag.


Innate Abilities, Weirdness & Mutations

You are a living statue of rough stone.
Your actions are slow, but your melee attacks are powerful.
You are resistant to unholy torment.
Your maximum health is greatly increased.
You cannot wear most types of armour.
You are amphibious.
You can wear up to eight rings at the same time.
You are immune to poison.
Your skin changes colour to match your surroundings (Stealth+).
((Your rubbery body absorbs attacks. (AC +1, EV +1)))
((You are camouflaged when in or above water. (Stealth+)))
You have tentacles for arms and can constrict up to eight enemies at once.
One of your tentacles bears a spike.
Your mind is acute. (Int +4, Str/Dex -1)


   Skills:
 - Level 13.0 Fighting
 - Level 6.0 Throwing
 - Level 11.0 Dodging
 - Level 10.0 Stealth
 + Level 6.7 Shields
 - Level 15.0 Unarmed Combat
 - Level 16.9 Shapeshifting


You had 15 spell levels left.
You didn't know any spells.
Your spell library contained the following spells:

 Spells                   Type           Power      Damage    Failure   Level
 Call Imp                 Summ           0%         N/A       21%         2
 Cigotuvi's Dreadful Rot  Necr/Alch/Air  0%         N/A       21%         2
 Lesser Beckoning         Tloc           0%         N/A       21%         2
 Call Canine Familiar     Summ           0%         N/A       36%         3
 Gell's Gravitas          Tloc           0%         N/A       36%         3
 Sigil of Binding         Hex            0%         N/A       36%         3
 Stone Arrow              Conj/Erth      0%         3d7       36%         3
 Teleport Other           Tloc           0%         N/A       36%         3
 Volatile Blastmotes      Fire/Tloc      0%         2d10      36%         3
 Dimensional Bullseye     Hex/Tloc       0%         N/A       75%         4
 Dispel Undead            Necr           0%         3d6       75%         4
 Fulminant Prism          Conj/Alch      0%         3d5       75%         4
 Iskenderun's Mystic Bla  Conj/Tloc      0%         2d3       75%         4
 Martyr's Knell           Necr/Summ      0%         N/A       75%         4
 Summon Lightning Spire   Summ/Air       0%         N/A       75%         4
 Lee's Rapid Deconstruct  Erth           0%         3d4*      97%         5
 Death Channel            Necr           0%         N/A       100%        6
 Dispersal                Tloc           0%         N/A       100%        6
 Summon Hydra             Summ           0%         N/A       100%        7
 Lehudib's Crystal Spear  Conj/Erth      0%         10d2      100%        8
 Sublimation of Blood     Necr           Unusable   N/A       N/A         2
 Animate Armour           Summ/Erth      Unusable   N/A       N/A         4

Inventory:

Hand Weapons
 p - a +1 double sword of freezing {longrare=g}
   (You took it off Donald on level 3 of the Snake Pit)
Missiles
 G - 10 poisoned darts (quivered) {throwing}
 T - 8 curare-tipped darts {=fthrowing}
Armour
 d - a +0 buckler (worn)
   (You found it on level 6 of the Dungeon)
 F - a +0 kite shield
   (You took it off Donald on level 3 of the Snake Pit)
 H - a +0 tower shield
   (You took it off a naga warrior on level 3 of the Snake Pit)
Jewellery
 l - a +5 ring of evasion (left tentacle)
   (You found it on level 2 of the Dungeon)
 m - a ring of resist corrosion
   (You found it on level 2 of the Dungeon)
 o - a ring of fire
   (You found it on level 3 of the Dungeon)
 r - a ring of protection from fire (on tentacle)
   (You bought it in a shop on level 11 of the Dungeon)
 s - a ring of positive energy
   (You took it off a hobgoblin on level 3 of the Dungeon)
 v - a +4 ring of protection (on tentacle)
   (You found it on level 6 of the Dungeon)
 y - an amulet of regeneration
   (You found it on level 6 of the Dungeon)
 B - an amulet of magic regeneration
   (You found it on level 3 of the Lair of Beasts)
 D - the ring of Muvimac (on tentacle) {Wiz Will+++ rCorr Str+3 Dex-4}
   (You bought it in a shop on level 11 of the Dungeon)

   [ring of wizardry]

   Wiz:       It improves your spell success rate.
   Str+3:     It affects your strength (+3).
   Dex-4:     It affects your dexterity (-4).
   Will+++:   It greatly increases your willpower.
   rCorr:     It protects you from acid and corrosion.
 K - the amulet "Atonuhou" (around mantle) {Acrobat rPois rN+ Int-3 Stlth+}
   (You bought it in a shop on level 11 of the Dungeon)

   [amulet of the acrobat]

   Acrobat:   It increases your evasion while moving and waiting.
   Int-3:     It affects your intelligence (-3).
   rPois:     It protects you from poison rN+: It protects you from negative
   energy.
   Stlth+:    It makes you more stealthy.
 P - the ring "Diff" (on tentacle) {rElec rPois rF- rN+ Str+2 Dex+2}
   (You bought it in a shop on level 1 of the Snake Pit)

   [ring of positive energy]

   Str+2:     It affects your strength (+2).
   Dex+2:     It affects your dexterity (+2).
   rF-:       It makes you vulnerable to fire.
   rElec:     It insulates you from electricity.
   rPois:     It protects you from poison rN+: It protects you from negative
   energy.
 W - a ring of ice
   (You found it on level 3 of the Snake Pit)
 X - a +6 ring of dexterity (on tentacle)
   (You found it on level 3 of the Snake Pit)
 Y - a +6 ring of intelligence
   (You found it on level 3 of the Snake Pit)
Talismans
 b - a beast talisman
 c - a flux talisman
 z - the serpent talisman of Epnanuh {rN+}
   (You took it off Aizul on level 2 of the Snake Pit)

   [serpent talisman]

   rN+:       It protects you from negative energy.
 R - a granite talisman (active)
   (You took it off Roxanne on level 1 of the Snake Pit)
Wands
 q - a wand of polymorph (13)
   (You took it off an orc on level 4 of the Dungeon)
Scrolls
 e - 4 scrolls of enchant armour
 h - 4 scrolls of vulnerability {!r!r}
 k - 2 scrolls of immolation {!r!r}
 u - 5 scrolls of amnesia
 x - 2 scrolls of teleportation {@r4}
 C - 4 scrolls of revelation
 E - a scroll of fog
 I - 5 scrolls of noise {!r}
 L - 4 scrolls of torment {!r}
 M - 2 scrolls of fear
 N - 3 scrolls of poison
 V - a scroll of silence {!r}
Potions
 a - 2 potions of lignification {!q}
 f - 9 potions of curing {@q1}
 g - 4 potions of attraction {!q}
 i - 3 potions of mutation {!q}
 j - 4 potions of haste {@q3}
 n - 2 potions of brilliance
 t - 2 potions of heal wounds {@q2}
 w - 2 potions of resistance
 A - a potion of enlightenment
 J - 2 potions of cancellation
 O - 2 potions of might
 Q - 2 potions of berserk rage {!q}
 S - a potion of invisibility
 U - a potion of ambrosia

Dungeon Overview and Level Annotations

Branches:
Dungeon (12/15) Zot: 25501  Temple (0/1) D:7            Lair (5/5) D:11 Zot: 18720
  Swamp (2/4) Lair:2 Zot: 9970   Snake (4/4) Lair:2 Zot: 17259   Slime (0/5) Lair:5
    Orc (2/2) D:10 Zot: 9257     Elf (0/3) Orc:2

Altars:
Gozag
Kikubaaqudgha
Nemelex Xobeh
Okawaru
Xom
Yredelemnul
Jiyva

Shops:
D:6 !   D:10 *   D:11 =   Orc:1 (   Orc:2 =*(!   Snake:1 *(   Snake:4 (

Portals:
Pandemonium: Orc:2

Annotations:
D:2 Sigmund
D:4 exclusion: sky beast
D:8 exclusion: hornet
D:9 exclusion: 2 downstairs
D:10 2 transporters, exclusion: downstairs, grandjackal's ghost, novice DsGl
D:11 exclusion: 2 doors
Lair:3 1 runed translucent door, Rupert
Lair:5 exclusion: 3 doors
Swamp:1 exclusion: 2 downstairs
Snake:2 1 runed translucent door, Xuar's ghost, adept DjHW

....#NN....
....NNN...
..........
.........#
.........#
N#...§§§.#
.....§§N§#
......§I§#
NN...§§###
.N...##
..## .


You could see a nagaraja (wandering), a naga sharpshooter (curare), a salamander
tyrant and 2 naga magi.


Message History

The naga warrior spits poison at you. You block the splash of poison.
The naga warrior closely misses you. The naga warrior constricts you.
You block the naga's attack. The naga closely misses you. The naga misses you.
HP[-3]
You take 3 damage, and now have 135/152 hp.
You tentacle-slap the naga warrior but do no damage.
The naga warrior spits poison at you.
The splash of poison hits you but does no damage.
You resist. The naga warrior constricts you.
The naga warrior hits you with a +0 glaive!!
You block the naga's attack. The naga hits you with a +0 halberd!!
The naga completely misses you.
HP[-50]
You take 50 damage, and now have 85/152 hp.
MASSIVE DAMAGE!! (PAUSE)
The naga warrior blocks your attack.
Your tentacle spike misses the naga warrior.
The naga warrior blocks your attack.
The naga no longer looks unusually strong.
The naga warrior hits you with a +0 trident!!
* * * LOW HITPOINT WARNING * * *
The naga warrior constricts you.
* * * LOW HITPOINT WARNING * * *
The naga warrior completely misses you. The naga barely misses you.
The naga hits you but does no damage. The naga spits poison at you.
The splash of poison hits you but does no damage.
You resist.
HP[-33]
You take 33 damage, and now have 52/152 hp.
MASSIVE DAMAGE!! (PAUSE)
As you read the scroll of teleportation {@r4}, it crumbles to dust.
You feel strangely unstable.
The naga warrior no longer looks unusually strong. x2
The naga warrior roars a battlecry!
The naga warrior goes into a battle-frenzy!
The naga warrior constricts you.
* * * LOW HITPOINT WARNING * * *
The naga warrior closely misses you. The naga misses you.
The naga barely misses you. The naga misses you.
The naga warrior hits you but does no damage.
The naga warrior constricts you. The naga warrior misses you.
The naga hits you with a +0 war axe!
* * * LOW HITPOINT WARNING * * *
HP[-15]
You take 15 damage, and now have 37/152 hp.
You feel much better. The naga misses you. The naga completely misses you.
The naga warrior hits you with a +0 trident!
* * * LOW HITPOINT WARNING * * *
The naga warrior constricts you. The naga warrior spits poison at you.
The splash of poison misses you. The naga hits you with a +0 halberd!!
* * * LOW HITPOINT WARNING * * *
The naga barely misses you.
You hear a shout!
HP[-17]
You take 17 damage, and now have 20/152 hp.
You feel much better.
Your surroundings suddenly seem different.
Something loses its grip on you. 2 naga magi, a salamander tyrant and 2 naga sharpshooters come into view.
The naga sharpshooter shouts!
The naga mage shouts!
You hear a shout! x2
The naga sharpshooter shouts!
You hear a shout!
The naga mage spits poison at you. The splash of poison misses you.
The naga sharpshooter unwields a +0 mace.
The naga sharpshooter wields a +0 shortbow.
The naga sharpshooter shoots an arrow.
The arrow hits you!
* * * LOW HITPOINT WARNING * * *
A naga mage comes into view. It is wielding a +0 club.
A nagaraja comes into view. It is wielding a +0 whip.
A naga warrior comes into view. It is wielding a +0 dire flail.
The salamander tyrant gazes fiercely through you!
You feel your attacks grow feeble.
HP[+18]
You regained 18 hp, and now have 38/152 hp.
As you read the scroll of teleportation {@r4}, it crumbles to dust.
You feel strangely unstable.
The naga mage shouts!
You hear a shout! x2; The naga mage shouts!
The naga mage spits poison at you. The splash of poison misses you.
The naga sharpshooter shoots an arrow.
The arrow hits you!
* * * LOW HITPOINT WARNING * * *
A naga sharpshooter comes into view. It is wielding a +0 battleaxe.
You hear a shout! x2
HP[-15]
You take 15 damage, and now have 23/152 hp.
As you read the scroll of fog, it dissolves into smoke.
You hear a shout! x2
The salamander tyrant gazes fiercely through you!
You feel as though you will be weak longer.
The naga mage gestures at the naga sharpshooter while chanting.
The naga sharpshooter's venom grows more potent.
A naga mage comes into view. It is wielding a +0 spear.
The salamander tyrant hits you.
* * * LOW HITPOINT WARNING * * *
You are engulfed in flames!!
You die...
Your body crumbles into a pile of gold.

Skill      XL: |  1  2  3  4  5  6  7  8  9 10 11 12 13 14 15 16 |
---------------+-------------------------------------------------+-----
Stealth        | 2 3 5 8 10 | 10.0
Fighting       | 3 4 5 8 12 13 | 13.0
Shapeshifting  | 4 6 9 10 12 14 16 | 16.9
Dodging        | 5 8 10 11 | 11.0
Unarmed Combat | 5 6 9 10 12 15 | 15.0
Throwing       | 6 |  6.0
Shields        | 6 |  6.7

Action                     |  1- 3 |  4- 6 |  7- 9 | 10-12 | 13-15 | 16-18 || total
---------------------------+-------+-------+-------+-------+-------+-------++-------
  Melee: Unarmed           |    69 |    89 |   223 |   558 |  1045 |   173 ||  2157
         Constrict         |    14 |    17 |    49 |    80 |   198 |    17 ||   375
         Tentacles         |     6 |    13 |    65 |   158 |       |    35 ||   277
         Kick              |       |    22 |   110 |   231 |       |    46 ||   409
         Punch             |       |     2 |     4 |       |       |    12 ||    18
 Invoke: Call Merchant     |       |       |       |     1 |     2 |       ||     3
  Evoke: Wand              |       |       |       |     9 |    11 |       ||    20
    Use: Scroll            |       |     8 |     2 |     2 |    17 |     6 ||    35
         Potion            |       |     5 |       |     3 |     2 |     2 ||    12
   Stab: Sleeping          |    18 |     8 |     7 |     8 |    20 |    16 ||    77
         Distracted        |       |       |     1 |     2 |     4 |       ||     7
 Armour: Skin              |    14 |    36 |    78 |   231 |   643 |   135 ||  1137
  Dodge: Dodged            |    49 |    61 |   171 |   514 |   789 |   233 ||  1817
  Block: Buckler           |       |       |       |       |       |    40 ||    40
   Form: Flux              |       |       |     1 |       |       |       ||     1
         Serpent           |       |       |       |     1 |       |       ||     1
         Statue            |       |       |       |       |       |     1 ||     1

Levels and vault maps discovered:
D:1:      psy_arrival_radial01, layout_basic, serial_bayou_pond_d
D:2:      layout_basic, minmay_worlds_worst_comb, uniq_sigmund
D:3:      layout_loops_ring, chequers_ecumenical_altar_grove,
          kennysheep_generic_room_11
D:4:      layout_loops_ring
D:5:      layout_rooms, gammafunk_ghost_necromancy, minivault_5,
          kennysheep_generic_room_8
D:6:      layout_basic, minitemple, nicolae_overflow_two_pavilions,
          serial_shops, shop
D:7:      layout_loops_corners, nemelex_spade_bored_becter,
          minmay_temple_entry_large_hall, grunt_decor_fettered,
          minmay_misc_feat_x, dreamdust_princess_bridge, minmay_misc_feat_doors
D:8:      layout_loops_ring, minmay_quadrilaterals
D:9:      layout_loops_ring
D:10:     layout_loops_ring, zombieorc1_lemuel, gammafunk_ghost_smash
D:11:     layout_cave_pools, lair_entry_dummy, minivault_19,
          nicolae_looking_at_the_future
D:12:     layout_loops_ring
Lair:1:   minmay_guarded_unrand_snakebite, layout_cave_pods
Lair:2:   layout_loops_ring, swamp_mist, alex1729_snake_entry_snake,
          serial_bayou_pond_e, serial_bayou_pond_b, uniq_urug, uniq_sonja
Lair:3:   layout_layer_cave, pdpol_lair_cabin_in_the_woods
Lair:4:   layout_layer_cave
Lair:5:   due_jungle_book, layout_misc_corridors, minmay_slime_entry_oklob_open,
          nicolae_lair_lindhole
Swamp:1:  layout_basic_swamp, evilmike_swamp_ruin_house_2,
          nicolae_swamp_round_clearing
Swamp:2:  layout_falls_marsh, hangedman_swamp_ruin_wall, swamp_pool_1_2,
          hangedman_swamp_diagram, st_shrine_of_shade,
          nicolae_swamp_long_stream, infiniplex_staircase_pool_2
Snake:1:  layout_chambers, serial_shops, shop, uniq_roxanne
Snake:2:  layout_cave_town, gammafunk_ghost_grave, uniq_frances, uniq_aizul
Snake:3:  layout_cave_town, basic_altar, nicolae_triple_integral, uniq_donald
Snake:4:  snake_pit, layout_onion, nicolae_shop_firing_range, lemuel_fruit_tree
Orc:1:    layout_caves, serial_shops, nicolae_shop_mannequins
Orc:2:    pf_orc_diabolical, layout_caves, abandoned_shop,
          nicolae_orc_found_a_spring

Notes
Turn   | Place    | Note
-------+----------+-------------------------------------------
     0 | D:1      | zeratav the Octopode Shapeshifter began the quest for the
                  | Orb.
     0 | D:1      | Reached XP level 1. HP: 13/13 MP: 1/1
     0 | D:1      | magus.rc [v1.9.6]
    66 | D:1      | Reached skill level 1 in Stealth
   134 | D:1      | Reached skill level 2 in Stealth
   137 | D:1      | Reached XP level 2. HP: 15/18 MP: 2/2
   223 | D:1      | Reached skill level 3 in Stealth
   707 | D:2      | Noticed Sigmund
   766 | D:2      | Reached XP level 3. HP: 23/23 MP: 3/3
   921 | D:2      | Reached skill level 4 in Stealth
  1525 | D:3      | Reached skill level 5 in Stealth
  1611 | D:3      | Reached XP level 4. HP: 23/28 MP: 4/4
  1957 | D:3      | Found a faded altar of an unknown god.
  2261 | D:3      | Reached skill level 2 in Fighting
  2264 | D:3      | Reached skill level 3 in Fighting
  2264 | D:3      | Reached XP level 5. HP: 31/36 MP: 2/5
  2300 | D:3      | Gained mutation: Your mind is acute. (Int +4, Str/Dex -1)
                  | [potion of mutation]
  2300 | D:3      | Gained mutation: One of your tentacles bears a spike.
                  | [potion of mutation]
  2437 | D:4      | Noticed an ogre
  2492 | D:4      | You pick up a book of Blood and begin reading...
  2492 | D:4      | You add the spells Call Imp, Sublimation of Blood and
                  | Summon Hydra to your library.
  2552 | D:4      | Reached skill level 4 in Fighting
  2663 | D:4      | Noticed a sky beast
  2802 | D:4      | Identified the staff of Rojosut {rC+ rN+ Str-2 Stlth+
                  | Earth}
  2939 | D:4      | Reached XP level 6. HP: 42/44 MP: 4/6
  3028 | D:4      | Reached skill level 5 in Fighting
  3253 | D:5      | Entered Level 5 of the Dungeon
  3256 | D:5      | Found a runed translucent gate.
  3351 | D:5      | Found a runed translucent gate.
  3352 | D:5      | Found a runed translucent gate.
  3366 | D:5      | Noticed an ice beast
  3378 | D:5      | Killed an ice beast
  3379 | D:5      | Reached skill level 4 in Shapeshifting
  3379 | D:5      | Reached XP level 7. HP: 41/50 MP: 5/7
  3473 | D:5      | Reached skill level 5 in Shapeshifting
  3786 | D:5      | You pick up a book of Iron and begin reading...
  3786 | D:5      | You add the spells Summon Lightning Spire and Lee's Rapid
                  | Deconstruction to your library.
  3894 | D:5      | Reached skill level 6 in Shapeshifting
  4007 | D:5      | Noticed a two-headed ogre
  4096 | D:5      | Noticed Pokonic1's ghost (novice FoFi)
  4143 | D:6      | Reached XP level 8. HP: 55/55 MP: 8/8
  4339 | D:6      | Reached skill level 7 in Shapeshifting
  4522 | D:6      | Found Xettin's Distillery.
  4565 | D:6      | Found an iron altar of Okawaru.
  4565 | D:6      | Found an ancient bone altar of Kikubaaqudgha.
  4579 | D:6      | Bought a potion of degeneration for 12 gold pieces
  4594 | D:6      | Reached skill level 8 in Shapeshifting
  4659 | D:6      | Found an opulent altar of Gozag.
  4665 | D:6      | Found a basalt altar of Yredelemnul.
  4667 | D:6      | Became a worshipper of Gozag Ym Sagoz the Greedy
  5238 | D:7      | Found a staircase to the Ecumenical Temple.
  5336 | D:7      | Found a sparkling altar of Nemelex Xobeh.
  5379 | D:7      | Reached skill level 9 in Shapeshifting
  5379 | D:7      | Reached XP level 9. HP: 45/61 MP: 9/9
  5896 | D:8      | Reached skill level 10 in Shapeshifting
  6092 | D:8      | Noticed a hornet
  6283 | D:8      | Noticed a troll
  6289 | D:8      | Killed a troll
  6290 | D:8      | Reached skill level 3 in Dodging
  6290 | D:8      | Reached skill level 4 in Unarmed Combat
  6683 | D:9      | Reached skill level 4 in Dodging
  6736 | D:9      | Reached skill level 5 in Unarmed Combat
  6747 | D:9      | Reached skill level 5 in Dodging
  6747 | D:9      | Reached XP level 10. HP: 51/66 MP: 10/10
  6764 | D:9      | Reached skill level 6 in Unarmed Combat
  6909 | D:9      | Reached skill level 6 in Dodging
  7335 | D:10     | Entered Level 10 of the Dungeon
  7475 | D:10     | Reached skill level 6 in Fighting
  7481 | D:10     | Reached skill level 7 in Dodging
  7481 | D:10     | Noticed a two-headed ogre
  7921 | D:10     | Found a staircase to the Orcish Mines.
  7952 | D:10     | Found a transporter.
  7952 | D:10     | Noticed grandjackal's ghost (novice DsGl)
  7953 | D:10     | Noticed a two-headed ogre
  7953 | D:10     | Noticed a two-headed ogre
  7953 | D:10     | Noticed a two-headed ogre
  7954 | D:10     | Found a transporter.
  7954 | D:10     | Identified the +1 giant spiked club of Wu Jian's Esteem
                  | {holy, rElec rC+ Int+3 Stlth+}
  7954 | D:10     | Noticed a two-headed ogre
  8333 | D:10     | You pick up a book of the Hunter and begin reading...
  8333 | D:10     | You add the spells Sigil of Binding, Call Canine Familiar
                  | and Dimensional Bullseye to your library.
  8374 | D:10     | Reached skill level 7 in Fighting
  8379 | D:10     | Reached skill level 8 in Dodging
  8394 | D:10     | Reached skill level 8 in Fighting
  8394 | D:10     | Reached XP level 11. HP: 67/77 MP: 11/11
  8470 | D:11     | Noticed a boulder beetle
  8487 | D:10     | Killed a boulder beetle
  8488 | D:10     | Reached skill level 6 in Stealth
  8656 | D:11     | Noticed a two-headed ogre
  8664 | D:11     | Killed a two-headed ogre
  8665 | D:11     | Reached skill level 7 in Stealth
  8665 | D:11     | HP: 13/77 [poisoned by you (poison gas)]
  8665 | D:11     | HP: 5/77 [vampire mosquito (8)]
  8666 | D:11     | HP: 2/77 [vampire mosquito (4)]
  8671 | D:10     | HP: 6/77 [poisoned by you (poison gas)]
  8939 | D:11     | Reached skill level 8 in Stealth
  9001 | D:11     | Reached skill level 11 in Shapeshifting
  9052 | D:11     | Found a staircase to the Lair.
  9325 | Lair:1   | Entered Level 1 of the Lair of Beasts
  9466 | D:11     | Bought the amulet "Atonuhou" {Acrobat rPois rN+ Int-3
                  | Stlth+} for 628 gold pieces
  9521 | D:12     | You pick up a book of Armaments and begin reading...
  9521 | D:12     | You add the spells Stone Arrow and Lehudib's Crystal Spear
                  | to your library.
  9728 | Lair:1   | Reached skill level 12 in Shapeshifting
  9740 | Lair:1   | HP: 19/77 [poisoned by a black mamba]
  9745 | Lair:1   | HP: 16/77 [poisoned by a black mamba]
  9979 | Lair:1   | Noticed a death yak
 10008 | Lair:1   | Killed a death yak
 10047 | Lair:1   | Reached XP level 12. HP: 73/82 MP: 12/12
 10256 | Lair:1   | Reached skill level 13 in Shapeshifting
 10378 | Lair:1   | Noticed a boulder beetle
 10410 | Lair:1   | Killed a boulder beetle
 10749 | Lair:1   | Found the +8 whip "Snakebite" {venom, curare, rPois}
 10939 | Lair:1   | Reached skill level 14 in Shapeshifting
 11527 | Lair:2   | Reached skill level 7 in Unarmed Combat
 11552 | Lair:2   | Found a staircase to the Swamp.
 11939 | Lair:2   | Reached skill level 8 in Unarmed Combat
 11983 | Lair:2   | Noticed Urug
 12003 | Lair:2   | Killed Urug
 12239 | Lair:2   | Noticed a death yak
 12241 | Lair:2   | Noticed Sonja
 12267 | Lair:2   | Killed Sonja
 12268 | Lair:2   | Reached skill level 9 in Unarmed Combat
 12275 | Lair:2   | Killed a death yak
 12560 | Lair:2   | Reached XP level 13. HP: 88/88 MP: 13/13
 12614 | Lair:2   | You add the spells Gell's Gravitas, Teleport Other and
                  | Dispersal to your library.
 12632 | Lair:2   | Reached skill level 10 in Unarmed Combat
 12809 | Lair:2   | Found a staircase to the Snake Pit.
 13119 | Lair:2   | Reached skill level 2 in Throwing
 13330 | Lair:2   | Identified a scroll of acquirement
 13355 | Lair:2   | Acquired a manual of Unarmed Combat
 13401 | Lair:3   | Reached skill level 3 in Throwing
 13813 | Lair:3   | Reached skill level 4 in Throwing
 14312 | Lair:3   | Reached skill level 5 in Throwing
 14518 | Lair:3   | Found a runed translucent door.
 14526 | Lair:3   | Noticed Rupert
 15207 | D:11     | Bought the ring of Muvimac {Wiz Will+++ rCorr Str+3 Dex-4}
                  | for 1027 gold pieces
 15288 | Lair:4   | Reached skill level 6 in Throwing
 15709 | Lair:4   | Reached skill level 9 in Stealth
 15928 | Lair:4   | Reached skill level 9 in Dodging
 16625 | Lair:5   | Entered Level 5 of the Lair of Beasts
 16722 | Lair:4   | HP: 20/106 [death yak (18)]
 17006 | Lair:4   | Reached skill level 10 in Stealth
 17373 | Lair:5   | Reached skill level 10 in Dodging
 17802 | Lair:5   | Found a viscous altar of Jiyva.
 17866 | Lair:5   | Reached XP level 14. HP: 95/95 MP: 14/14
 17881 | Lair:5   | Reached skill level 11 in Dodging
 18271 | Lair:5   | Found a staircase to the Slime Pits.
 18281 | Lair:5   | Reached skill level 9 in Fighting
 18289 | Lair:5   | HP: 25/116 [oklob plant/splash of acid (11)]
 18291 | Lair:5   | HP: 7/116 [oklob plant/splash of acid (12)]
 18592 | Lair:5   | You pick up a book of Decay and begin reading...
 18592 | Lair:5   | You add the spells Cigotuvi's Dreadful Rot, Dispel Undead,
                  | Martyr's Knell and Death Channel to your library.
 19143 | D:11     | Bought a ring of protection from fire for 375 gold pieces
 19300 | Lair:5   | Reached skill level 10 in Fighting
 20004 | Lair:5   | Noticed a dire elephant
 20162 | Swamp:1  | Entered Level 1 of the Swamp
 20177 | Swamp:1  | Reached skill level 11 in Fighting
 21153 | Swamp:2  | Identified the +6 falchion of Starshine {heavy, rC+ Will-
                  | rCorr}
 21449 | Swamp:2  | Reached skill level 11 in Unarmed Combat
 21641 | Swamp:1  | HP: 30/121 [bunyip (28)]
 21892 | Swamp:2  | HP: 27/121 [spriggan rider/+0 spear (10)]
 22304 | Orc:1    | Entered Level 1 of the Orcish Mines
 22304 | Orc:1    | Found Juidghoth's Weapon Emporium.
 22494 | Orc:1    | Noticed an orc warlord
 22889 | D:5      | Killed Pokonic1's ghost
 23251 | D:10     | Killed an orc warlord
 23252 | D:10     | Reached skill level 12 in Fighting
 23252 | D:10     | Reached skill level 12 in Unarmed Combat
 23663 | Orc:2    | Entered Level 2 of the Orcish Mines
 23944 | Orc:2    | Found a staircase to the Elven Halls.
 24105 | Orc:1    | Reached XP level 15. HP: 109/109 MP: 15/15
 24334 | Orc:2    | Reached skill level 13 in Unarmed Combat
 24699 | Orc:2    | Found Hepyesur's General Store.
 24700 | Orc:2    | Found Zyept's Distillery.
 25070 | Orc:2    | Bought a potion of cancellation for 136 gold pieces
 25070 | Orc:2    | Bought a potion of curing for 51 gold pieces
 25070 | Orc:2    | Bought a potion of heal wounds for 85 gold pieces
 25521 | Orc:2    | Reached skill level 13 in Fighting
 25521 | Orc:2    | Reached skill level 14 in Unarmed Combat
 25530 | Orc:2    | HP: 30/132 [ice devil[an orc high priest] (22)]
 25540 | Orc:2    | HP: 17/132 [orc knight/bolt (18)]
 25985 | Orc:2    | Reached skill level 15 in Unarmed Combat
 26048 | Orc:2    | Found Aluyhe's Antique Weapon Emporium.
 26048 | Orc:2    | Found Rimuh's Jewellery Shoppe.
 26059 | Orc:2    | Found a one-way gate leading to the halls of Pandemonium.
 26418 | Snake:1  | Entered Level 1 of the Snake Pit
 26883 | Snake:1  | Found Jeivug's Weapon Emporium.
 26971 | Snake:1  | Bought a shimmering platinum ring for 135 gold pieces
 26971 | Snake:1  | Identified the ring "Diff" {rElec rPois rF- rN+ Str+2
                  | Dex+2} (You bought it in a shop on level 1 of the Snake
                  | Pit)
 27087 | Snake:1  | Reached skill level 15 in Shapeshifting
 27237 | Snake:1  | Noticed Roxanne
 27256 | Snake:1  | Killed Roxanne
 27851 | Snake:1  | You pick up a book of Displacement and begin reading...
 28197 | Snake:2  | Noticed Frances
 28213 | Snake:2  | Found a runed translucent door.
 28218 | Snake:2  | Noticed Xuar's ghost (adept DjHW)
 28652 | Snake:2  | HP: 7/132 [shock serpent/bolt of electricity (33)]
 28963 | Snake:2  | Reached skill level 16 in Shapeshifting
 28963 | Snake:2  | Reached XP level 16. HP: 109/117 MP: 16/16
 29452 | Snake:2  | Identified the serpent talisman of Epnanuh {rN+}
 29452 | Snake:2  | Noticed Aizul
 29466 | Snake:2  | Killed Aizul
 30217 | Snake:2  | Killed Frances
 30568 | Snake:3  | Found a shimmering altar of Xom.
 30644 | Snake:3  | Noticed Donald
 30653 | Snake:3  | Killed Donald
 30801 | Snake:3  | p - a +1 double sword of freezing {longrare=g}
 30804 | Snake:3  | You pick up a book of Blasting and begin reading...
 30804 | Snake:3  | You add the spells Volatile Blastmotes, Fulminant Prism and
                  | Iskenderun's Mystic Blast to your library.
 31076 | Snake:3  | Reached skill level 1 in Shields
 31101 | Snake:3  | Reached skill level 2 in Shields
 31303 | Snake:3  | Reached skill level 3 in Shields
 31574 | Snake:3  | Reached skill level 4 in Shields
 31801 | Snake:4  | Entered Level 4 of the Snake Pit
 31822 | Snake:4  | Reached skill level 5 in Shields
 32130 | Snake:4  | Reached skill level 6 in Shields
 32211 | Snake:4  | Found Fikhy's Firing Range.
 32231 | Snake:4  | Bought 6 darts of dispersal for 91 gold pieces
 32280 | Snake:4  | HP: 37/152 [naga/+0 war axe (13)]
 32282 | Snake:4  | Noticed a nagaraja
 32284 | Snake:4  | Mangled by a salamander tyrant

Vanquished Creatures
  Frances (Snake:2)
  Aizul (Snake:2)
  Roxanne (Snake:1)
  Donald (Snake:3)
  An orc warlord (D:10)
  A bunyip (Swamp:1)
  5 anacondas
  A catoblepas (Lair:5)
  7 hydras
  2 boulder beetles
  A ghost crab (Swamp:1)
  2 demonspawn (Orc:2)
  4 alligators
  10 naga warriors
  5 death yaks
  5 two-headed ogres
  5 orc high priests (Orc:2)
  Urug (Lair:2)
  2 shock serpents
  2 soul eaters (Orc:2)
  Sonja (Lair:2)
  A skyshark (Lair:3)
  2 goliath frogs (Swamp:2)
  3 salamander mystics
  3 naga ritualists
  9 mana vipers
  5 orc knights
  The ghost of Pokonic1 the Trooper, a novice FoFi of Qazlal (D:5)
  A bog body (Swamp:1)
  A lindwurm (Lair:5)
  8 orc sorcerers
  4 oklob plants (Lair:5)
  15 salamanders
  6 elephants (Lair:5)
  2 torpor snails
  4 kobold blastminers
  33 black mambas
  17 cane toads
  12 naga magi
  An unseen horror (D:11)
  3 guardian serpents
  6 rime drakes
  An efreet (D:10)
  9 komodo dragons
  4 trolls
  A bloated husk (Swamp:2)
  A polar bear (Lair:5)
  3 hornets
  A tyrant leech (Swamp:1)
  14 blink frogs
  3 wyverns
  2 shadows
  A yak (shapeshifter) (D:10)
  2 spriggans (Swamp:1)
  A human (Lair:3)
  A wraith (D:10)
  55 yaks
  2 steam dragons
  2 vampire mosquitoes (D:11)
  2 basilisks
  3 wargs
  24 nagas
  2 chaos spawn (Orc:2)
  7 swamp worms
  11 water moccasins
  2 ice beasts
  2 sky beasts (D:8)
  27 orc warriors
  2 black bears
  4 wolves
  9 ogres
  2 centaurs
  4 phantoms
  A kobold brigand (D:11)
  9 bullfrogs
  A scorpion (D:6)
  9 wights (D:7)
  A troll zombie (D:10)
  2 howler monkeys (D:10)
  A bullfrog zombie (D:5)
  4 hounds
  2 bombardier beetles (D:5)
  27 orc priests
  5 jellies
  A bullfrog skeleton (D:5)
  An iguana (D:6)
  A sleepcap (D:7)
  17 orc wizards
  7 hell rats (Lair:3)
  A killer bee zombie (D:5)
  5 ogre zombies (D:10)
  7 adders
  A white imp (D:5)
  4 ufetubi
  3 dart slugs
  A ribbon worm (D:3)
  62 orcs
  6 ball pythons
  5 endoplasms
  5 giant cockroaches
  A gnoll zombie (D:10)
  7 goblins
  6 hobgoblins
  3 jackals (D:1)
  5 quokkas
  3 bats
  3 frilled lizards
  2 gnoll skeletons (D:10)
  9 kobolds
  An orc skeleton (D:10)
  14 orc zombies (D:10)
  2 rats
645 creatures vanquished.

Vanquished Creatures (others)
  An orc (Orc:1)
  An orc zombie (D:10)
2 creatures vanquished.

Grand Total: 647 creatures vanquished

Table legend:
 A = Non-vault XP
 B = Vault XP
 C = Vault XP percentage of total XP
 D = Non-vault monster count
 E = Vault monster count
 F = Vault count percentage of total count
                 A         B        C        D         E       F
            +---------+---------+-------+---------+---------+-------
      Total |  130809 |   33000 |  20.1 |     518 |     127 |  19.7
            +---------+---------+-------+---------+---------+-------
        D:1 |      27 |       0 |   0.0 |      14 |       0 |   0.0
        D:2 |      26 |       6 |  18.8 |       8 |       3 |  27.3
        D:3 |     130 |       1 |   0.8 |      25 |       1 |   3.8
        D:4 |     261 |       0 |   0.0 |      16 |       0 |   0.0
        D:5 |     957 |    1564 |  62.0 |      20 |       5 |  20.0
        D:6 |     782 |       0 |   0.0 |      28 |       0 |   0.0
        D:7 |     893 |       0 |   0.0 |      15 |       0 |   0.0
        D:8 |     314 |     492 |  61.0 |       3 |       3 |  50.0
        D:9 |    1957 |       0 |   0.0 |      21 |       0 |   0.0
       D:10 |    6546 |     518 |   7.3 |      28 |      27 |  49.1
       D:11 |    3417 |       0 |   0.0 |      19 |       0 |   0.0
     Lair:1 |    9377 |    1086 |  10.4 |      35 |       7 |  16.7
     Lair:2 |    6872 |    3829 |  35.8 |      20 |       9 |  31.0
     Lair:3 |    5089 |    1048 |  17.1 |      17 |       3 |  15.0
     Lair:4 |    9724 |       0 |   0.0 |      24 |       0 |   0.0
     Lair:5 |   13600 |    2820 |  17.2 |      41 |       5 |  10.9
    Swamp:1 |    6062 |       0 |   0.0 |      14 |       0 |   0.0
    Swamp:2 |    4000 |       0 |   0.0 |       8 |       0 |   0.0
    Snake:1 |   17916 |    1319 |   6.9 |      33 |       1 |   2.9
    Snake:2 |   10432 |    2768 |  21.0 |      22 |       2 |   8.3
    Snake:3 |   17326 |    1290 |   6.9 |      35 |       1 |   2.8
    Snake:4 |    6588 |       0 |   0.0 |      16 |       0 |   0.0
      Orc:1 |    3865 |     592 |  13.3 |      19 |       1 |   5.0
      Orc:2 |    4648 |   15667 |  77.1 |      37 |      59 |  61.5
            +---------+---------+-------+---------+---------+-------

Skill      XL: |  1  2  3  4  5  6  7  8  9 10 11 12 13 14 15 16 |
---------------+-------------------------------------------------+-----
Stealth        | 2 3 5 8 10 | 10.0
Fighting       | 3 4 5 8 12 13 | 13.0
Shapeshifting  | 4 6 9 10 12 14 16 | 16.9
Dodging        | 5 8 10 11 | 11.0
Unarmed Combat | 5 6 9 10 12 15 | 15.0
Throwing       | 6 |  6.0
Shields        | 6 |  6.7

Action                     |  1- 3 |  4- 6 |  7- 9 | 10-12 | 13-15 | 16-18 || total
---------------------------+-------+-------+-------+-------+-------+-------++-------
  Melee: Unarmed           |    69 |    89 |   223 |   558 |  1045 |   173 ||  2157
         Constrict         |    14 |    17 |    49 |    80 |   198 |    17 ||   375
         Tentacles         |     6 |    13 |    65 |   158 |       |    35 ||   277
         Kick              |       |    22 |   110 |   231 |       |    46 ||   409
         Punch             |       |     2 |     4 |       |       |    12 ||    18
 Invoke: Call Merchant     |       |       |       |     1 |     2 |       ||     3
  Evoke: Wand              |       |       |       |     9 |    11 |       ||    20
    Use: Scroll            |       |     8 |     2 |     2 |    17 |     6 ||    35
         Potion            |       |     5 |       |     3 |     2 |     2 ||    12
   Stab: Sleeping          |    18 |     8 |     7 |     8 |    20 |    16 ||    77
         Distracted        |       |       |     1 |     2 |     4 |       ||     7
 Armour: Skin              |    14 |    36 |    78 |   231 |   643 |   135 ||  1137
  Dodge: Dodged            |    49 |    61 |   171 |   514 |   789 |   233 ||  1817
  Block: Buckler           |       |       |       |       |       |    40 ||    40
   Form: Flux              |       |       |     1 |       |       |       ||     1
         Serpent           |       |       |       |     1 |       |       ||     1
         Statue            |       |       |       |       |       |     1 ||     1

Illustrated notes

Table legend:
 A = Kills in this place as a percentage of kills in the entire game.
 B = Kills by you in this place as a percentage of kills by you in the entire game.
 C = Kills by friends in this place as a percentage of kills by friends in the entire game.
 D = Other kills in this place as a percentage of other kills in the entire game.
 E = Experience gained in this place as a percentage of experience gained in the entire game.
 F = Experience gained in this place divided by the number of levels of this place that you have seen.
                   A       B       C       D       E      F
               +-------+-------+-------+-------+-------+----------------------
         Total | 100.0 | 100.0 |   N/A |   N/A | 100.0 | 6552.4
       Dungeon |  36.6 |  36.6 |   N/A |   N/A |  10.9 | 1490.9
          Lair |  25.0 |  25.0 |   N/A |   N/A |  32.6 | 10689.0
         Swamp |   3.4 |   3.4 |   N/A |   N/A |   6.1 | 5031.0
     Snake Pit |  17.1 |  17.1 |   N/A |   N/A |  35.2 | 14409.8
  Orcish Mines |  18.0 |  18.0 |   N/A |   N/A |  15.1 | 12386.0
               +-------+-------+-------+-------+-------+----------------------

Table legend: (Time is in decaauts)
 A = Elapsed time spent in this place.
 B = Non-inter-level travel time spent in this place.
 C = Inter-level travel time spent in this place.
 D = Time resting spent in this place.
 E = Time spent auto-exploring this place.
 F = Levels seen in this place.
 G = Mean time per level.
                   A        B        C        D        E       F      G
               +--------+--------+--------+--------+--------+-----+--------+
         Total |  33605 |  30418 |   3187 |   8551 |  15462 |  25 | 1344.2 |
       Dungeon |  10815 |   9513 |   1302 |   1126 |   6401 |  12 |  901.2 |
          Lair |  11279 |   9913 |   1366 |   3539 |   4541 |   5 | 2255.8 |
         Swamp |   2029 |   1945 |     84 |   1146 |    398 |   2 | 1014.5 |
     Snake Pit |   6738 |   6363 |    375 |   1774 |   3075 |   4 | 1684.5 |
  Orcish Mines |   2742 |   2682 |     60 |    966 |   1047 |   2 | 1371.0 |
               +--------+--------+--------+--------+--------+-----+--------+

Top non-repeatable levels by time:
  Lair:4: 2749 daAuts
 Snake:1: 2362 daAuts
 Snake:3: 2302 daAuts
  Lair:1: 2253 daAuts
  Lair:2: 2176 daAuts
  Lair:5: 2091 daAuts
  Lair:3: 2008 daAuts
    D:10: 1944 daAuts
   Orc:2: 1933 daAuts
 Snake:2: 1786 daAuts
 Swamp:1: 1630 daAuts
     D:5: 1258 daAuts
     D:9: 983 daAuts
     D:3: 968 daAuts
     D:4: 950 daAuts
